Map: Ujari

Players

azndragonz

  • Race: Protoss Protoss
  • Spawn Location: 9:00

gottaluv

  • Race: Protoss Protoss
  • Spawn Location: 0:00

Jasko

  • Race: Terran Terran
  • Spawn Location: 9:00

Aom

  • Race: Zerg Zerg
  • League: Platinum
  • Spawn Location: 3:00

Metasapien

  • Race: Zerg Zerg
  • League: Platinum
  • Spawn Location: 3:00

Hammy

  • Race: Protoss Protoss
  • League: Platinum
  • Spawn Location: 0:00

VOD

Have the link to the VOD?

Description

Time

  • Played on: Sept. 24, 2017, 1:12 a.m.
  • Length: 17:21
Show
View Real Time Build Order
Export as new Build Order

azndragonz Protoss 

Build Orders:  

Get SALT Encoding   

  12  0:05  Probe (Chrono Boost)  
  13  0:16  Pylon  
  13  0:20  Probe (Chrono Boost)  
  14  0:31  Probe (Chrono Boost)  
  15  0:41  Probe (Chrono Boost)  
  16  0:52  Probe (Chrono Boost)  
  17  0:57  Gateway  
  17  1:02  Probe (Chrono Boost)  
  18  1:13  Probe (Chrono Boost)  
  19  1:23  Assimilator  
  19  1:26  Forge  
  20  1:47  Probe (Chrono Boost)  
  20  1:53  Cybernetics Core  
  20  1:57  Probe (Chrono Boost), Pylon  
  21  2:04  Assimilator  
  21  2:06  Photon Cannon  
  21  2:10  Probe (Chrono Boost)  
  21  2:11  Pylon  
  22  2:21  Probe (Chrono Boost)  
  23  2:31  Probe (Chrono Boost)  
  23  2:33  Warp Gate (Chrono Boost)  
  24  2:42  Probe (Chrono Boost)  
  25  2:44  Robotics Facility  
  25  2:48  Stalker (Chrono Boost)  
  26  3:06  Probe  
  27  3:18  Probe (Chrono Boost)  
  28  3:25  Nexus  
  28  3:30  Probe (Chrono Boost)  
  28  3:31  Pylon  
  29  3:36  Observer  
  29  3:38  Stalker  
  29  3:41  Mothership Core (Chrono Boost)  
  34  3:47  Protoss Ground Weapons Level 1  
  34  3:51  Pylon  
  34  4:02  Probe (Chrono Boost)  
  35  4:09  Stalker  
  37  4:12  Probe (Chrono Boost)  
  38  4:23  Probe (Chrono Boost)  
  39  4:34  Gateway  
  37  4:49  Immortal  
  41  4:54  Gateway x2  
  41  5:14  Stalker  
  43  5:22  Photon Cannon  
  43  5:29  Photon Cannon  
  43  5:33  Stalker  
  45  5:42  Pylon  
  45  5:43  Pylon  
  45  5:45  Pylon  
  45  5:53  Stalker  
  47  6:01  Immortal (Chrono Boost)  
  47  6:03  Stalker x2  
  47  6:04  Stalker  
  57  6:07  Protoss Ground Armor Level 1 (Chrono Boost)  
  57  6:32  Nexus  
  57  6:42  Probe  
  57  6:44  Nexus  
  58  6:53  Pylon  
  58  7:02  Robotics Bay  
  58  7:04  Probe (Chrono Boost)  
  59  7:15  Probe (Chrono Boost)  
  60  7:18  Photon Cannon  
  60  7:27  Probe (Chrono Boost)  
  61  7:38  Probe (Chrono Boost)  
  62  7:48  Probe (Chrono Boost)  
  63  7:52  Assimilator  
  63  7:58  Assimilator  
  63  7:59  Probe (Chrono Boost)  
  63  8:02  Assimilator  
  64  8:10  Probe (Chrono Boost)  
  66  8:12  Probe (Chrono Boost)  
  66  8:19  Probe (Chrono Boost)  
  66  8:22  Colossus (Chrono Boost), Probe (Chrono Boost)  
  74  8:27  Protoss Shields Level 1 (Chrono Boost)  
  74  8:29  Probe  
  74  8:32  Probe  
  76  8:42  Probe  
  76  8:44  Assimilator  
  76  8:46  Probe  
  78  8:51  Probe  
  78  8:53  Probe  
  80  8:56  Probe, Extended Thermal Lance (Chrono Boost)  
  81  9:03  Probe x2  
  81  9:09  Colossus (Chrono Boost)  
  89  9:26  Robotics Facility  
  89  9:30  Probe  
  89  9:34  Probe  
  91  9:41  Probe  
  91  9:43  Probe  
  91  9:45  Probe  
  93  9:51  Probe  
  92  9:55  Probe  
  92  9:58  Colossus  
  100  10:02  Probe, Stalker x4  
  109  10:21  Twilight Council  
  109  10:37  Pylon  
  109  10:39  Pylon  
  109  10:43  Pylon x2  
  109  10:45  Pylon  
  109  10:47  Pylon x2  
  109  10:51  Pylon  
  109  10:52  Pylon  
  109  10:53  Probe  
  109  10:55  Probe  
  121  10:58  Colossus (Chrono Boost)  
  121  10:59  Colossus (Chrono Boost)  
  121  11:07  Probe  
  122  11:11  Protoss Ground Weapons Level 2  
  122  11:14  Stalker x3  
  122  11:15  Stalker  
  130  11:19  Probe  
  131  11:39  Stalker x3  
  137  11:40  Stalker  
  123  12:55  Stalker  
  123  12:56  Stalker x2  
  123  12:57  Stalker  
  131  13:01  Colossus (Chrono Boost)  
  143  13:07  Gateway  
  143  13:08  Colossus (Chrono Boost), Gateway  
  143  13:10  Gateway  
  143  13:13  Gateway x2  
  143  13:16  Gateway  
  143  13:18  Pylon x2  
  143  13:20  Pylon  
  143  13:21  Pylon, Stalker x3  
  143  13:22  Stalker  
  143  13:26  Gateway  
  141  13:27  Gateway  
  125  14:14  Colossus (Chrono Boost)  
  125  14:16  Colossus (Chrono Boost)  
  129  14:26  Stalker x4  
  129  14:27  Nexus, Stalker x2  
  141  14:32  Protoss Ground Weapons Level 3 (Chrono Boost)  
  141  14:36  Stalker x4  
  149  14:42  Stalker x2  
  117  15:03  Assimilator  
  117  15:04  Colossus (Chrono Boost)  
  117  15:05  Stalker x4  
  117  15:06  Colossus (Chrono Boost), Stalker x2  
  133  15:07  Stalker  
  133  15:08  Stalker  
  133  15:09  Assimilator  
  139  15:30  Stalker  
  139  15:31  Stalker x4  
  139  15:32  Stalker x2  
  139  15:33  Stalker  
  153  15:40  Stalker  
  153  15:41  Stalker x3  
  161  15:55  Observer (Chrono Boost)  
  162  16:14  Stalker x4  
  162  16:15  Stalker x3  
  176  17:07  Pylon  
  158  17:09  Pylon  
  158  17:11  Pylon  
Show
View Real Time Build Order
Export as new Build Order

gottaluv Protoss 

Build Orders: Oracle Opening 

Get SALT Encoding   

  12  0:02  Probe (Chrono Boost)  
  13  0:13  Probe (Chrono Boost)  
  14  0:18  Pylon  
  14  0:23  Probe (Chrono Boost)  
  15  0:36  Probe (Chrono Boost)  
  15  0:40  Gateway  
  16  0:47  Probe (Chrono Boost)  
  17  0:50  Assimilator  
  17  0:57  Probe (Chrono Boost)  
  18  1:08  Probe (Chrono Boost)  
  18  1:09  Pylon  
  19  1:18  Assimilator  
  19  1:22  Probe (Chrono Boost)  
  20  1:28  Cybernetics Core  
  20  1:34  Zealot  
  20  1:38  Probe (Chrono Boost)  
  23  1:49  Probe (Chrono Boost)  
  24  1:59  Probe (Chrono Boost)  
  25  2:05  Stargate  
  25  2:09  Stalker (Chrono Boost)  
  27  2:37  Mothership Core, Stalker (Chrono Boost)  
  31  2:48  Nexus  
  31  3:10  Pylon  
  31  3:27  Oracle (Chrono Boost)  
  31  3:28  Probe  
  35  3:40  Probe  
  36  3:42  Fleet Beacon  
  36  3:50  Stalker  
  38  4:20  Stalker  
  38  4:35  Phoenix (Chrono Boost)  
  37  4:52  Probe  
  37  4:53  Probe  
  39  5:07  Probe  
  39  5:08  Probe  
  39  5:14  Stalker  
  43  5:17  Warp Gate, Probe  
  43  5:20  Probe  
  45  5:23  Carrier (Chrono Boost)  
  45  5:27  Pylon  
  45  5:28  Probe  
  51  5:30  Assimilator  
  51  5:32  Probe  
  51  5:34  Assimilator  
  53  5:38  Probe  
  47  5:44  Probe  
  48  5:52  Forge  
  48  5:54  Probe  
  48  5:57  Probe  
  50  6:01  Pylon  
  50  6:05  Probe  
  50  6:09  Probe  
  52  6:15  Probe  
  53  6:21  Probe  
  54  6:26  Probe  
  54  6:32  Photon Cannon  
  55  6:33  Probe, Photon Cannon  
  55  6:36  Probe  
  57  6:41  Photon Cannon  
  57  6:58  Nexus  
  57  7:04  Tempest (Chrono Boost)  
  63  7:11  Protoss Air Weapons Level 1  
  63  7:20  Stargate  
  63  7:21  Pylon  
  63  7:29  Assimilator  
  63  7:34  Assimilator  
  63  7:46  Probe  
  63  7:47  Probe  
  65  7:56  Probe  
  66  7:59  Probe  
  66  8:01  Nexus  
  67  8:07  Probe  
  67  8:10  Graviton Catapult  
  67  8:11  Probe  
  69  8:17  Probe  
  76  8:34  Carrier (Chrono Boost)  
  76  8:38  Carrier (Chrono Boost)  
  82  8:48  Probe x2  
  82  8:49  Probe  
  85  8:58  Protoss Shields Level 1  
  85  8:59  Probe x2  
  85  9:02  Probe  
  88  9:08  Pylon  
  88  9:09  Probe x2  
  88  9:12  Pylon  
  88  9:14  Probe  
  88  9:16  Pylon  
  91  9:20  Probe x2  
  93  9:26  Probe  
  93  9:30  Probe  
  94  9:32  Probe  
  94  9:33  Probe  
  94  9:38  Probe  
  98  9:41  Probe  
  98  9:43  Probe  
  98  9:44  Probe  
  100  9:50  Probe  
  108  9:52  Carrier (Chrono Boost)  
  114  10:04  Probe, Stargate  
  114  10:05  Probe  
  114  10:06  Probe  
  116  10:11  Carrier (Chrono Boost)  
  118  10:59  Probe x3  
  118  11:00  Probe  
  122  11:07  Carrier (Chrono Boost)  
  122  11:10  Probe x3  
  128  11:12  Probe  
  128  11:17  Assimilator  
  132  11:33  Protoss Air Weapons Level 2  
  132  11:57  Pylon  
  132  11:58  Pylon  
  132  11:59  Pylon  
  132  12:01  Pylon  
  132  12:10  Probe  
  132  12:12  Probe  
  132  12:13  Probe x2  
  140  12:21  Carrier (Chrono Boost), Probe  
  152  12:24  Probe x2  
  152  12:27  Carrier (Chrono Boost)  
  152  12:29  Carrier (Chrono Boost)  
  145  12:58  Stargate  
  145  13:00  Stargate  
  145  13:02  Stargate  
  145  13:06  Assimilator  
  145  13:11  Assimilator  
  135  13:36  Carrier (Chrono Boost)  
  141  13:53  Carrier (Chrono Boost)  
  141  13:54  Carrier (Chrono Boost)  
  159  14:15  Carrier x2 (Chrono Boost)  
  159  14:16  Carrier (Chrono Boost)  
  159  14:22  Nexus  
  159  14:24  Assimilator  
  159  14:29  Assimilator  
  157  14:50  Carrier (Chrono Boost)  
  163  15:17  Pylon  
  163  15:19  Pylon  
  163  15:20  Pylon  
  161  15:21  Pylon  
  161  15:26  Tempest (Chrono Boost)  
  178  15:39  Tempest (Chrono Boost)  
  184  15:46  Carrier x2 (Chrono Boost)  
  184  15:48  Carrier (Chrono Boost)  
  196  16:04  Tempest (Chrono Boost)  
  196  16:09  Tempest (Chrono Boost)  
Show
View Real Time Build Order
Export as new Build Order

Jasko Terran 

Build Orders: MMM Bio 

Get SALT Encoding   

  12  0:02  SCV  
  13  0:14  SCV  
  13  0:18  Supply Depot  
  14  0:31  SCV  
  14  0:33  Refinery  
  15  0:43  SCV  
  16  0:59  Barracks  
  16  1:04  Barracks  
  16  1:06  SCV  
  17  1:18  SCV  
  18  1:30  SCV  
  19  1:42  SCV  
  20  1:50  Marine  
  20  1:53  Marine  
  22  1:54  SCV  
  23  2:03  Command Center  
  23  2:14  Refinery  
  23  2:22  Supply Depot  
  23  2:25  Barracks Tech Lab  
  23  2:27  Barracks Reactor  
  23  2:34  Orbital Command  
  23  2:52  Factory, Marine  
  24  3:04  SCV  
  24  3:05  Marine x2  
  27  3:10  Marine  
  27  3:11  Supply Depot  
  28  3:19  SCV x2  
  30  3:30  Bunker  
  30  3:33  SCV x2  
  32  3:37  Factory Tech Lab  
  32  3:45  SCV x2  
  34  3:56  Siege Tank  
  34  3:58  Marine x2  
  34  4:01  Barracks  
  39  4:12  Marine  
  39  4:16  Marine  
  41  4:33  Siege Tank  
  36  4:44  SCV  
  34  4:45  SCV  
  32  4:56  SCV  
  32  4:57  SCV  
  27  5:08  SCV  
  27  5:09  SCV  
  29  5:20  SCV  
  30  5:22  Barracks Reactor, SCV  
  30  5:24  Stimpack  
  31  5:32  SCV  
  31  5:34  SCV  
  33  5:44  SCV  
  33  5:45  Engineering Bay  
  33  5:46  SCV  
  35  5:56  SCV  
  36  5:58  SCV  
  37  6:04  Marine x2  
  37  6:05  Marine x2  
  37  6:08  SCV  
  37  6:10  SCV  
  43  6:17  Missile Turret  
  43  6:20  SCV  
  43  6:21  Missile Turret  
  43  6:22  SCV  
  43  6:24  Marine x3  
  48  6:32  SCV  
  48  6:34  SCV  
  50  6:42  Supply Depot  
  50  6:43  Supply Depot  
  50  6:45  SCV  
  50  6:46  SCV, Marine x2  
  54  7:04  Supply Depot, SCV x2, Marine x2  
  58  7:11  Refinery  
  58  7:13  Refinery  
  58  7:14  Marine x3  
  61  7:16  SCV x2  
  61  7:17  Siege Tank  
  66  7:25  Combat Shields  
  66  7:28  SCV x2  
  68  7:35  Marine  
  68  7:36  Marine x3  
  72  7:40  SCV x2  
  74  7:47  Marine  
  75  7:52  SCV x2  
  75  7:53  Marine  
  75  7:54  Terran Infantry Weapons Level 1, Supply Depot  
  78  8:00  Supply Depot  
  78  8:02  Armory  
  78  8:14  Orbital Command  
  78  8:16  SCV  
  79  8:25  Supply Depot x2  
  79  8:28  Starport, SCV  
  80  8:37  Factory  
  80  8:45  SCV x2  
  80  8:47  Supply Depot  
  80  8:48  Marine x2  
  84  8:49  Marine x2  
  84  8:55  Terran Vehicle Weapons Level 1  
  86  8:57  SCV x2  
  86  9:02  Marine  
  89  9:06  Starport Reactor, Marine  
  90  9:10  Supply Depot  
  90  9:19  Barracks  
  90  9:23  Factory Tech Lab  
  90  9:41  Marine x3  
  90  9:43  Siege Tank x2, Marine x2  
  101  9:46  Medivac x2  
  101  9:48  Terran Infantry Armor Level 1  
  105  9:59  Marine x2  
  107  10:04  Supply Depot  
  107  10:12  Barracks Reactor  
  107  10:20  Siege Tank  
  110  10:29  Marine x4, Supply Depot  
  110  10:30  Marine  
  115  10:39  Siege Tank  
  115  10:41  Medivac x2  
  122  10:47  Marine x5  
  122  10:48  Marine  
  122  10:49  Marine  
  129  10:51  Supply Depot  
  129  11:05  Marine x5  
  129  11:06  Siege Tank, Marine x2  
  129  11:10  Medivac  
  141  11:13  Supply Depot  
  141  11:24  Marine  
  142  11:35  Marine x3  
  142  11:36  Supply Depot, Marine x3  
  142  11:37  Siege Tank  
  142  11:38  Siege Tank, Medivac  
  156  11:42  Marine  
  156  11:43  Terran Vehicle Weapons Level 2  
  157  11:55  Marine x3  
  157  11:56  Marine x3  
  157  12:00  Marine  
  164  12:02  Medivac  
  166  12:09  Siege Tank  
  166  12:13  Marine  
  168  12:31  Marine x4  
  168  12:32  Marine x3  
  168  12:34  Siege Tank  
  168  12:35  Medivac x2  
  174  12:49  Marine  
  174  12:50  Marine  
  174  12:51  Marine x5  
  170  12:52  Siege Tank  
  161  13:06  Siege Tank  
  161  13:07  Marine  
  161  13:08  Marine x3  
  161  13:09  Marine  
  165  13:17  Marine x2  
  161  13:24  Marine  
  161  13:25  Siege Tank  
  161  13:26  Marine  
  148  13:28  Marine  
  148  13:29  Marine x2  
  141  13:35  Marine x2  
  142  13:42  Marine  
  142  13:44  Terran Infantry Weapons Level 2, Marine  
  142  13:46  Marine x2  
  142  13:47  Marine  
  147  13:53  Marine  
  146  14:07  Marine x6  
  151  14:11  Marine  
  114  14:24  Marine  
  114  14:25  Marine x5  
  114  14:32  Marine  
  110  14:42  Marine x2  
  109  14:56  Marine x3  
  106  15:39  Marine  
  106  15:40  Marine x6  
  113  15:57  Marine  
  113  15:58  Marine x6  
  120  16:15  Marine  
  120  16:16  Marine  
  122  16:25  Marine x2  
  124  16:36  Orbital Command  
  124  17:05  Refinery  
Show
View Real Time Build Order
Export as new Build Order

Aom Zerg 

Build Orders: Pool First 

Get SALT Encoding   

  12  0:01  Drone  
  13  0:09  Drone  
  14  0:14  Extractor  
  14  0:17  Drone  
  14  0:38  Spawning Pool  
  14  0:39  Drone  
  14  0:57  Overlord  
  14  1:16  Drone  
  14  1:17  Drone x2  
  17  1:27  Metabolic Boost  
  17  1:56  Drone x3  
  20  2:04  Hatchery  
  20  2:06  Queen  
  21  2:12  Overlord  
  21  2:20  Drone  
  22  2:43  Zergling x4  
  24  2:54  Evolution Chamber  
  24  2:58  Spine Crawler, Zergling x2  
  22  3:04  Zergling x2  
  24  3:14  Zergling x2  
  24  3:15  Hatchery  
  24  3:19  Zergling x2  
  25  3:22  Zerg Melee Weapons Level 1  
  25  3:23  Zergling x2  
  26  3:27  Zergling x2  
  27  3:34  Drone  
  27  3:39  Zergling x4  
  27  3:40  Zergling x2  
  31  3:44  Zergling x2  
  32  3:49  Drone  
  32  3:53  Drone  
  34  4:01  Drone x2  
  28  4:52  Drone  
  29  4:53  Drone x5  
  31  5:11  Spine Crawler  
  31  5:12  Lair  
  30  5:14  Spine Crawler  
  29  5:23  Spine Crawler  
  29  5:27  Spine Crawler  
  27  5:34  Drone x3, Spine Crawler  
  27  5:35  Drone x6  
  35  5:38  Queen  
  35  5:40  Queen  
  39  6:01  Roach Warren, Zerg Ground Armor Level 1  
  38  6:07  Drone  
  38  6:08  Drone x3  
  38  6:10  Overlord  
  42  6:17  Extractor  
  41  6:29  Zergling x2  
  41  6:30  Zergling x10  
  41  6:31  Zergling x6  
  50  6:53  Overseer  
  50  6:56  Glial Reconstitution  
  50  6:59  Overlord x3  
  50  7:05  Drone, Spire  
  50  7:08  Extractor  
  50  7:10  Extractor  
  50  7:11  Spore Crawler  
  50  7:14  Drone x3  
  50  7:15  Spore Crawler  
  50  7:16  Overlord x2  
  49  7:32  Drone x3  
  49  7:33  Drone x2  
  49  7:34  Drone  
  55  7:39  Roach  
  55  7:40  Roach x3  
  55  7:41  Roach  
  65  8:05  Hatchery  
  64  8:08  Drone x3  
  67  8:20  Zerg Ground Armor Level 2  
  67  8:23  Evolution Chamber  
  66  8:51  Hatchery  
  65  8:57  Corruptor  
  65  8:58  Corruptor x3  
  73  9:12  Overlord x3  
  73  9:13  Overlord  
  73  9:19  Zerg Flyer Armor Level 1  
  73  9:21  Infestation Pit  
  72  9:32  Drone x3  
  72  9:33  Drone x8  
  83  10:11  Extractor  
  83  10:12  Extractor  
  81  10:21  Hive  
  81  10:23  Zerg Melee Weapons Level 2  
  81  10:40  Drone x2  
  81  10:41  Drone  
  81  10:42  Drone x3  
  87  10:43  Drone  
  87  10:44  Drone x3  
  87  10:45  Queen  
  87  10:46  Overlord x3  
  87  10:47  Overlord  
  93  10:50  Drone  
  93  10:51  Drone x5  
  93  10:52  Drone  
  100  11:02  Queen  
  102  11:13  Zerg Flyer Weapons Level 1  
  102  11:14  Corruptor  
  102  11:15  Corruptor x3  
  110  11:47  Ultralisk Cavern  
  109  12:05  Spine Crawler  
  109  12:07  Spine Crawler  
  107  12:09  Spine Crawler  
  93  12:25  Corruptor x4  
  93  12:28  Roach x5  
  93  12:29  Roach x7  
  114  12:30  Roach x6  
  114  12:31  Roach x5  
  114  12:32  Roach x6  
  77  13:08  Ultralisk x3  
  77  13:11  Zergling x2  
  77  13:12  Zergling x16  
  81  13:35  Zergling x2  
  81  13:36  Zergling x6  
  81  13:37  Ultralisk x2  
  73  13:55  Zergling x2  
  73  13:56  Zergling x10  
  63  14:34  Zergling x10  
  63  14:35  Zergling x8  
  56  15:02  Zergling x2  
  56  15:03  Zergling x10  
  57  15:10  Zergling x6  
Show
View Real Time Build Order
Export as new Build Order

Metasapien Zerg 

Build Orders: Hatch First, Swarm Host 

Get SALT Encoding   

  12  0:33  Hatchery  
  11  0:37  Overlord  
  12  0:42  Drone  
  12  0:46  Drone  
  13  1:22  Drone x3, Spawning Pool  
  13  1:24  Extractor  
  14  1:37  Drone  
  15  1:49  Drone  
  15  1:50  Drone  
  17  1:56  Drone  
  17  1:59  Drone  
  19  2:11  Drone x2  
  21  2:21  Hatchery  
  20  2:25  Drone  
  20  2:27  Drone  
  20  2:29  Drone  
  23  2:37  Overlord  
  23  2:52  Drone x3  
  23  2:54  Overlord  
  26  3:01  Queen  
  26  3:04  Zergling x2  
  29  3:07  Zergling x2  
  30  3:13  Queen  
  30  3:17  Drone  
  33  3:21  Drone  
  33  3:25  Drone  
  35  3:29  Drone, Extractor  
  35  3:33  Drone  
  36  3:40  Drone, Roach Warren  
  36  3:43  Extractor  
  36  3:48  Queen  
  37  3:49  Drone  
  37  3:50  Drone  
  39  3:57  Lair  
  39  3:58  Drone  
  39  3:59  Drone  
  39  4:01  Drone  
  42  4:07  Drone x2  
  45  4:10  Drone x2  
  45  4:14  Drone  
  45  4:15  Overlord  
  47  4:18  Overlord  
  47  4:33  Drone x4  
  47  4:35  Drone x2  
  47  4:37  Metabolic Boost  
  53  4:43  Roach x3  
  53  4:44  Roach  
  61  4:47  Roach  
  61  4:51  Overlord  
  63  4:56  Drone x3  
  63  4:58  Extractor  
  63  4:59  Drone  
  66  5:02  Drone, Extractor  
  66  5:09  Hydralisk Den  
  66  5:11  Infestation Pit  
  64  5:15  Drone x3  
  64  5:17  Extractor  
  66  5:21  Roach  
  66  5:22  Roach  
  66  5:24  Drone x4  
  74  5:41  Overlord x3  
  74  5:42  Overlord  
  74  5:47  Overlord  
  74  5:48  Overlord  
  74  5:52  Hive  
  74  5:59  Evolution Chamber  
  74  6:00  Drone x3, Evolution Chamber  
  74  6:01  Drone  
  74  6:02  Drone x2  
  78  6:04  Drone  
  78  6:08  Drone, Hydralisk  
  78  6:09  Hydralisk x2  
  86  6:18  Drone  
  86  6:20  Drone x4  
  86  6:24  Muscular Augments, Glial Reconstitution  
  91  6:38  Zerg Ground Armor Level 1, Zerg Missile Weapons Level 1  
  91  6:42  Overlord x3  
  91  6:46  Pneumatized Carapace  
  91  6:47  Burrow  
  91  6:48  Swarm Host x2  
  91  6:50  Swarm Host  
  91  6:52  Swarm Host  
  103  6:55  Swarm Host  
  106  7:05  Roach  
  108  7:14  Adrenal Glands  
  108  7:21  Pathogen Glands  
  108  7:23  Swarm Host  
  108  7:26  Overlord x2  
  108  7:28  Queen  
  113  7:39  Nydus Network  
  112  7:45  Hydralisk x2  
  112  7:46  Roach x3  
  112  7:48  Zergling x6  
  112  7:49  Zergling x6  
  128  7:54  Drone, Roach  
  128  7:55  Drone  
  128  7:56  Drone  
  128  7:57  Drone  
  128  7:58  Queen  
  136  8:17  Drone x3  
  139  8:27  Hatchery  
  139  8:28  Overlord x3  
  139  8:29  Overlord  
  139  8:33  Overlord  
  138  8:39  Zergling x4  
  138  8:40  Swarm Host, Zergling x6  
  138  8:41  Hydralisk x2  
  150  8:52  Overseer  
  150  8:53  Overseer x2  
  151  8:55  Drone  
  151  8:56  Overlord x2  
  151  9:01  Zerg Missile Weapons Level 2, Zerg Ground Armor Level 2  
  151  9:07  Tunneling Claws  
  151  9:09  Swarm Host  
  151  9:10  Swarm Host x3  
  169  9:20  Overseer  
  169  9:42  Drone  
  170  10:02  Extractor  
  170  10:03  Extractor  
  168  10:09  Nydus Canal  
  168  10:11  Hydralisk x3  
  168  10:12  Hydralisk x3, Roach x2  
  168  10:13  Hydralisk x2  
  188  10:37  Swarm Host x4  
  200  10:49  Spore Crawler  
  199  10:51  Spore Crawler  
  199  10:52  Spore Crawler  
  197  11:01  Spore Crawler  
  197  11:02  Spore Crawler  
  195  11:07  Drone  
  196  11:22  Overseer  
  196  11:27  Zerg Missile Weapons Level 3, Zerg Ground Armor Level 3  
  196  11:52  Hatchery  
  195  12:02  Nydus Canal  
  195  12:03  Hydralisk  
  195  12:04  Roach  
  195  12:07  Ravager  
  117  12:44  Hydralisk x4  
  117  12:45  Hydralisk x5  
  117  12:46  Hydralisk x5, Roach x5  
  117  12:47  Roach x5, Hydralisk x4  
  117  12:48  Roach x2  
  157  13:34  Hydralisk x5  
  129  13:35  Hydralisk x5, Roach x5  
  129  13:36  Hydralisk x2, Roach x6  
  129  13:37  Roach  
  160  13:47  Roach, Hydralisk x2  
  160  13:48  Roach  
  165  13:53  Overlord x3  
  165  13:54  Overlord x2  
  160  14:05  Roach, Hydralisk x4  
  160  14:06  Roach x3  
  174  14:12  Lair  
  136  14:27  Hydralisk x3  
  136  14:28  Roach x4, Hydralisk  
  126  14:41  Hydralisk  
  126  14:42  Roach x2, Hydralisk x6  
  126  14:43  Roach x3  
  141  14:58  Drone x2  
  141  15:02  Spawning Pool  
  71  15:36  Swarm Host x17  
  108  15:50  Spore Crawler  
  108  15:56  Spore Crawler x2  
  102  15:57  Spore Crawler  
  89  16:18  Nydus Canal  
  88  16:25  Zergling x8  
  34  16:26  Zergling x20  
  16  17:02  Drone  
Show
View Real Time Build Order
Export as new Build Order

Hammy Protoss 

Build Orders: Oracle Opening, Phoenix Opening 

Get SALT Encoding   

  12  0:01  Probe (Chrono Boost)  
  13  0:11  Probe (Chrono Boost)  
  14  0:18  Pylon  
  14  0:23  Probe (Chrono Boost)  
  15  0:37  Gateway  
  15  0:39  Probe (Chrono Boost)  
  16  0:52  Assimilator  
  16  0:53  Assimilator  
  16  0:57  Probe (Chrono Boost)  
  17  1:08  Probe (Chrono Boost)  
  18  1:15  Pylon  
  18  1:18  Probe (Chrono Boost)  
  19  1:29  Probe (Chrono Boost), Cybernetics Core  
  21  1:40  Probe (Chrono Boost)  
  21  1:50  Probe (Chrono Boost)  
  22  2:00  Probe (Chrono Boost)  
  23  2:07  Warp Gate (Chrono Boost)  
  23  2:11  Probe  
  24  2:16  Stalker (Chrono Boost)  
  26  2:37  Stargate  
  26  2:38  Stargate  
  26  2:42  Probe  
  27  2:47  Pylon  
  27  3:15  Nexus  
  27  3:21  Oracle (Chrono Boost)  
  30  3:27  Pylon  
  30  3:32  Oracle (Chrono Boost)  
  33  3:47  Probe  
  36  3:56  Phoenix (Chrono Boost)  
  36  3:59  Probe  
  37  4:07  Phoenix (Chrono Boost)  
  47  5:14  Void Ray (Chrono Boost), Probe  
  47  5:15  Probe  
  47  5:19  Void Ray (Chrono Boost)  
  49  5:25  Probe  
  49  5:27  Probe  
  51  5:36  Probe  
  51  5:39  Probe  
  53  5:52  Probe  
  62  6:02  Void Ray (Chrono Boost), Pylon  
  62  6:04  Probe  
  62  6:06  Probe  
  62  6:10  Assimilator  
  60  6:14  Assimilator  
  60  6:15  Probe  
  61  6:20  Mothership Core  
  61  6:25  Fleet Beacon  
  63  6:31  Probe  
  63  6:37  Pylon  
  64  6:41  Probe, Forge  
  64  6:42  Probe  
  70  6:52  Void Ray (Chrono Boost)  
  70  6:54  Probe  
  70  6:55  Probe  
  70  6:58  Pylon  
  70  6:59  Pylon  
  72  7:06  Stargate  
  72  7:08  Probe  
  73  7:18  Photon Cannon  
  73  7:20  Photon Cannon  
  73  7:24  Photon Cannon  
  73  7:25  Photon Cannon  
  73  7:27  Photon Cannon  
  73  7:28  Probe  
  73  7:29  Probe  
  75  7:30  Photon Cannon  
  75  7:33  Photon Cannon, Protoss Shields Level 1  
  75  7:35  Protoss Air Weapons Level 1 (Chrono Boost)  
  75  7:41  Graviton Catapult, Cybernetics Core  
  75  8:00  Probe  
  75  8:01  Probe  
  75  8:02  Carrier (Chrono Boost)  
  83  8:14  Probe  
  83  8:19  Nexus  
  84  8:22  Protoss Air Armor Level 1 (Chrono Boost)  
  84  8:31  Probe x2  
  86  8:37  Carrier  
  92  8:43  Probe, Assimilator  
  92  8:48  Assimilator  
  93  8:51  Pylon  
  93  8:52  Probe  
  94  8:55  Anion Pulse-Crystals  
  94  9:08  Stargate  
  94  9:09  Probe x2  
  96  9:10  Pylon x2  
  96  9:12  Pylon  
  96  9:20  Stargate  
  96  9:23  Probe x2  
  98  9:31  Pylon  
  98  9:35  Probe x2  
  100  9:41  Carrier  
  106  9:47  Probe x2  
  106  10:21  Carrier x2  
  118  10:33  Probe  
  118  10:34  Probe x2  
  118  11:01  Carrier x2  
  127  11:06  Carrier  
  127  11:07  Probe x2  
  135  11:46  Carrier  
  147  11:51  Pylon  
  147  11:54  Pylon  
  147  11:56  Pylon  
  147  11:59  Pylon  
  50  14:05  Stargate  
  50  14:08  Stargate  
  49  14:10  Pylon, Cybernetics Core  
  49  14:14  Stargate x2  
  44  14:23  Pylon  
  43  14:26  Pylon  
  43  14:28  Nexus  
  43  14:53  Void Ray  
  43  14:57  Fleet Beacon  
  43  14:58  Void Ray  
  43  14:59  Void Ray  
  55  15:03  Pylon  
  55  15:06  Pylon  
  55  15:07  Stargate  
  55  15:10  Stargate  
  55  15:13  Void Ray  
  59  15:36  Void Ray  
  59  15:41  Void Ray x2  
  71  15:49  Stargate  
  71  15:53  Pylon x2  
  71  15:56  Void Ray  
  81  16:01  Pylon  
  81  16:03  Pylon  
  87  16:05  Pylon  
  87  16:09  Pylon  
  86  16:18  Void Ray  
  101  16:34  Assimilator  
  101  16:39  Assimilator  
  111  17:19  Pylon  
Tags
 
Add a new tag
Caveats
  • Supply blocks, unpowered buildings, or Contaminate may cause inaccurate times.
  • Supply counts are checked every 10 seconds.